TOP OF THE 1ST |
South Bend Cubs batting - Pitching for Binghamton Mets : RHP Bryan Dorne
|
Pitching: RHP Bryan Dorne
|
|
Batting: RHB Hugo Torrez
|
0-0: Ball 1-0: Ball 2-0: Foul Ball, location: 2F 2-1: Ball 3-1: Base on Balls
|
Batting: RHB Taylor Garofalo
|
0-0: DOUBLE (Groundball, 5L, EV 108.8 MPH) Hugo Torrez to third
|
Batting: RHB Juan Bonilla
|
0-0: Called Strike 0-1: Foul Ball, location: 2F 0-2: Ball 1-2: Strikes out swinging
|
Batting: RHB Roy Battist
|
0-0: Called Strike 0-1: Foul Ball, location: 2F 0-2: SINGLE (Groundball, 34D, EV 104.4 MPH) Hugo Torrez scores Taylor Garofalo to third
|
Batting: RHB Han-seung Hah
|
0-0: Ball 1-0: Ball 2-0: Ball 3-0: Base on Balls Roy Battist to second
|
Batting: LHB Adam Conover
|
0-0: Foul Ball, location: 2F 0-1: Called Strike 0-2: Foul Ball, location: 2F 0-2: Fly out, F9 (Flyball, 89M, EV 81.9 MPH)
|
Batting: RHB Dylan Burke
|
0-0: Ball 1-0: Ball 2-0: Swinging Strike 2-1: Foul Ball, location: 2F 2-2: Fielders Choice at 2nd, 6-4 (Groundball, 6, EV 78.8 MPH)
|
Top of the 1st over - 1 run, 2 hits, 0 errors, 3 left on base; South Bend 1 - Binghamton 0 |
BOTTOM OF THE 1ST |
Binghamton Mets batting - Pitching for South Bend Cubs : RHP Anastagio Fasola
|
Pitching: RHP Anastagio Fasola
|
|
Batting: RHB Oscar Bravo
|
0-0: Called Strike 0-1: Ball 1-1: Ground out U3 (Groundball, 3S, EV 86.2 MPH)
|
Batting: SHB Jason Evans
|
0-0: Called Strike 0-1: Fly out, F6 (Popup, 6MD, EV 57.5 MPH)
|
Batting: RHB Nate Henderson
|
0-0: Ground out 4-3 (Groundball, 34D, EV 101.9 MPH)
|
Bottom of the 1st over - 0 runs, 0 hits, 0 errors, 0 left on base; South Bend 1 - Binghamton 0 |
TOP OF THE 2ND |
South Bend Cubs batting - Pitching for Binghamton Mets : RHP Bryan Dorne
|
Batting: RHB Ryan Bush
|
0-0: Fly out, F6 (Popup, 6M, EV 56.2 MPH)
|
Batting: LHB Hiroki Yamamoto
|
0-0: Ground out 2-3 (Groundball, 15S, EV 69.4 MPH)
|
Batting: RHB Hugo Torrez
|
0-0: Fly out, F9 (Flyball, 9LSF, EV 90.0 MPH)
|
Top of the 2nd over - 0 runs, 0 hits, 0 errors, 0 left on base; South Bend 1 - Binghamton 0 |
BOTTOM OF THE 2ND |
Binghamton Mets batting - Pitching for South Bend Cubs : RHP Anastagio Fasola
|
Batting: LHB Zane Kelton
|
0-0: Called Strike 0-1: Called Strike 0-2: Foul Ball, location: 2F 0-2: Strikes out swinging
|
Batting: SHB Jerry Burrows
|
0-0: Called Strike 0-1: Ground out 4-3 (Groundball, 4, EV 93.8 MPH)
|
Batting: LHB Jamel Alexander
|
0-0: Ball 1-0: Called Strike 1-1: Ball 2-1: Swinging Strike 2-2: Ground out 4-3 (Groundball, 4, EV 80.0 MPH)
|
Bottom of the 2nd over - 0 runs, 0 hits, 0 errors, 0 left on base; South Bend 1 - Binghamton 0 |
TOP OF THE 3RD |
South Bend Cubs batting - Pitching for Binghamton Mets : RHP Bryan Dorne
|
Batting: RHB Taylor Garofalo
|
0-0: Ball 1-0: Called Strike 1-1: Ball 2-1: Ball 3-1: SINGLE (Groundball, 56D, EV 107.5 MPH)
|
Batting: RHB Juan Bonilla
|
0-0: Called Strike 0-1: Ball 1-1: Ball 2-1: Foul Ball, location: 2F 2-2: Foul Ball, location: 2F 2-2: Ball 3-2: Base on Balls Taylor Garofalo to second
|
Batting: RHB Roy Battist
|
0-0: Swinging Strike 0-1: DOUBLE (Line Drive, 9LM, EV 105.6 MPH) Taylor Garofalo scores Juan Bonilla to third
|
Batting: RHB Han-seung Hah
|
0-0: Ball 1-0: Hit by Pitch
|
Batting: LHB Adam Conover
|
0-0: Called Strike 0-1: Ball 1-1: Ball 2-1: GRAND SLAM HOME RUN (Flyball, 9LD, EV 94.4 MPH), Distance : 355 ft
|
Batting: RHB Dylan Burke
|
0-0: Ball 1-0: Ground out 4-3 (Groundball, 4, EV 108.1 MPH)
|
Batting: RHB Ryan Bush
|
0-0: Called Strike 0-1: Ball 1-1: Swinging Strike 1-2: Strikes out swinging
|
Batting: LHB Hiroki Yamamoto
|
0-0: Ground out 6-3 (Groundball, 6, EV 96.9 MPH)
|
Top of the 3rd over - 5 runs, 3 hits, 0 errors, 0 left on base; South Bend 6 - Binghamton 0 |
BOTTOM OF THE 3RD |
Binghamton Mets batting - Pitching for South Bend Cubs : RHP Anastagio Fasola
|
Batting: RHB Bobby Mabrey
|
0-0: Ball 1-0: Ball 2-0: Called Strike 2-1: Foul Ball, location: 2F 2-2: DOUBLE (Flyball, 78XD, EV 100.6 MPH)
|
Batting: RHB Gang-sheng Chew
|
0-0: Ball 1-0: Ground out 6-3 (Groundball, 6S, EV 81.9 MPH)
|
Batting: SHB Chris Keziah
|
0-0: Fly out, F9 (Line Drive, 9, EV 93.1 MPH)
|
Batting: RHB Oscar Bravo
|
0-0: Ball 1-0: Ball 2-0: Called Strike 2-1: Ball 3-1: Foul Ball, location: 2F 3-2: Base on Balls
|
Batting: SHB Jason Evans
|
0-0: Ball 1-0: Ball 2-0: Called Strike 2-1: Ball 3-1: Foul Ball, location: 2F 3-2: SINGLE (Line Drive, 56, EV 99.4 MPH) Bobby Mabrey to third Oscar Bravo to second Bobby Mabrey scores Oscar Bravo to third
|
Batting: RHB Nate Henderson
|
0-0: Called Strike 0-1: Ball 1-1: Swinging Strike 1-2: Strikes out swinging
|
Bottom of the 3rd over - 1 run, 2 hits, 0 errors, 2 left on base; South Bend 6 - Binghamton 1 |
TOP OF THE 4TH |
South Bend Cubs batting - Pitching for Binghamton Mets : RHP Bryan Dorne
|
Batting: RHB Hugo Torrez
|
0-0: Ball 1-0: Ball 2-0: Swinging Strike 2-1: Ground out 6-3 (Groundball, 56, EV 82.5 MPH)
|
Pitching: RHP Geoff McDaniel
|
|
Batting: RHB Taylor Garofalo
|
0-0: Ground out 3-1 (Groundball, 3D, EV 97.5 MPH)
|
Batting: RHB Juan Bonilla
|
0-0: Called Strike 0-1: Called Strike 0-2: Ball 1-2: Ball 2-2: Strikes out swinging
|
Top of the 4th over - 0 runs, 0 hits, 0 errors, 0 left on base; South Bend 6 - Binghamton 1 |
BOTTOM OF THE 4TH |
Binghamton Mets batting - Pitching for South Bend Cubs : RHP Anastagio Fasola
|
Batting: LHB Zane Kelton
|
0-0: Ball 1-0: Ball 2-0: Ball 3-0: Base on Balls
|
Batting: SHB Jerry Burrows
|
0-0: Ball 1-0: Ball 2-0: Ball 3-0: Called Strike 3-1: Called Strike 3-2: Ground out 3-1 (Groundball, 23, EV 81.9 MPH) Zane Kelton to second
|
Batting: LHB Jamel Alexander
|
0-0: Ground out U3 (Groundball, 3L, EV 79.4 MPH) Zane Kelton to third
|
Batting: RHB Bobby Mabrey
|
0-0: Called Strike 0-1: Ball 1-1: Ball 2-1: Swinging Strike 2-2: Ground out 6-3 (Groundball, 6, EV 103.1 MPH)
|
Bottom of the 4th over - 0 runs, 0 hits, 0 errors, 1 left on base; South Bend 6 - Binghamton 1 |
TOP OF THE 5TH |
South Bend Cubs batting - Pitching for Binghamton Mets : RHP Geoff McDaniel
|
Batting: RHB Roy Battist
|
0-0: Ball 1-0: Ball 2-0: Foul Ball, location: 2F 2-1: Called Strike 2-2: Ball 3-2: Fly out, F7 (Line Drive, 78M, EV 98.8 MPH)
|
Batting: RHB Han-seung Hah
|
0-0: Foul Ball, location: 2F 0-1: Ball 1-1: Ball 2-1: Ball 3-1: Swinging Strike 3-2: Strikes out swinging
|
Batting: LHB Adam Conover
|
0-0: Ground out U3 (Groundball, 3L, EV 85.0 MPH)
|
Top of the 5th over - 0 runs, 0 hits, 0 errors, 0 left on base; South Bend 6 - Binghamton 1 |
BOTTOM OF THE 5TH |
Binghamton Mets batting - Pitching for South Bend Cubs : RHP Anastagio Fasola
|
Batting: RHB Gang-sheng Chew
|
0-0: Ball 1-0: Called Strike 1-1: Swinging Strike 1-2: Strikes out swinging
|
Batting: SHB Chris Keziah
|
0-0: Ball 1-0: Foul Ball, location: 2F 1-1: Ball 2-1: Ball 3-1: Fly out, F7 (Flyball, 7, EV 88.8 MPH)
|
Batting: RHB Oscar Bravo
|
0-0: Swinging Strike 0-1: Foul Ball, location: 2F 0-2: Ball 1-2: Ball 2-2: SINGLE (Flyball, 89S, EV 85.0 MPH)
|
Batting: SHB Jason Evans
|
0-0: Ball 1-0: Ball 2-0: Ground out U3 (Groundball, 3, EV 86.2 MPH)
|
Bottom of the 5th over - 0 runs, 1 hit, 0 errors, 1 left on base; South Bend 6 - Binghamton 1 |
TOP OF THE 6TH |
South Bend Cubs batting - Pitching for Binghamton Mets : RHP Geoff McDaniel
|
Batting: RHB Dylan Burke
|
0-0: Foul Ball, location: 2F 0-1: Ball 1-1: Ball 2-1: Ground out 4-3 (Groundball, 4, EV 100.0 MPH)
|
Batting: RHB Ryan Bush
|
0-0: Swinging Strike 0-1: Ball 1-1: SINGLE (Groundball, 6MD, EV 102.5 MPH)
|
Batting: LHB Hiroki Yamamoto
|
0-0: Ball 1-0: Ball 2-0: Swinging Strike 2-1: SINGLE (Line Drive, 8RS, EV 105.0 MPH) Ryan Bush to second
|
Batting: RHB Hugo Torrez
|
0-0: Ball 1-0: Ball 2-0: Foul Ball, location: 2F 2-1: DOUBLE (Line Drive, 5D, EV 96.2 MPH) Ryan Bush scores Hiroki Yamamoto to third
|
Batting: RHB Taylor Garofalo
|
0-0: Called Strike 0-1: Swinging Strike 0-2: Ball 1-2: Ball 2-2: Foul Ball, location: 2F 2-2: Foul Ball, location: 2F 2-2: Ball 3-2: Foul Ball, location: 2F 3-2: Ground out 4-3 (Groundball, 4D, EV 96.2 MPH) Hiroki Yamamoto scores Hugo Torrez to third
|
Batting: RHB Juan Bonilla
|
0-0: Swinging Strike 0-1: Ball 1-1: Swinging Strike 1-2: Foul Ball, location: 2F 1-2: Ball 2-2: Strikes out looking
|
Top of the 6th over - 2 runs, 3 hits, 0 errors, 1 left on base; South Bend 8 - Binghamton 1 |
BOTTOM OF THE 6TH |
Binghamton Mets batting - Pitching for South Bend Cubs : RHP Anastagio Fasola
|
Batting: RHB Nate Henderson
|
0-0: Called Strike 0-1: Ball 1-1: Foul Ball, location: 2F 1-2: Ground out 4-3 (Groundball, 4, EV 84.4 MPH)
|
Pitching: RHP Velimir Sljivancanin
|
|
Batting: LHB Zane Kelton
|
0-0: Called Strike 0-1: Ball 1-1: Ball 2-1: Ball 3-1: SINGLE (Line Drive, 78M, EV 85.0 MPH)
|
Batting: SHB Jerry Burrows
|
0-0: Called Strike Zane Kelton steals 2nd base 0-1: Ball 1-1: Ball 2-1: Fly out, F9 (Flyball, 9LM, EV 85.6 MPH)
|
Batting: LHB Jamel Alexander
|
0-0: Ball 1-0: Foul Ball, location: 2F 1-1: Fly out, F6 (Line Drive, 6, EV 65.0 MPH)
|
Bottom of the 6th over - 0 runs, 1 hit, 0 errors, 1 left on base; South Bend 8 - Binghamton 1 |
TOP OF THE 7TH |
South Bend Cubs batting - Pitching for Binghamton Mets : RHP Geoff McDaniel
|
Batting: RHB Roy Battist
|
0-0: Swinging Strike 0-1: Ground out U3 (Groundball, 34S, EV 79.4 MPH)
|
Batting: RHB Han-seung Hah
|
0-0: Called Strike 0-1: Ball 1-1: Ball 2-1: Foul Ball, location: 2F 2-2: Foul Ball, location: 2F 2-2: Foul Ball, location: 2F 2-2: Foul Ball, location: 2F 2-2: Fly out, F4 (Popup, 4D, EV 60.0 MPH)
|
Batting: LHB Adam Conover
|
0-0: Ball 1-0: Ball 2-0: Called Strike 2-1: Foul Ball, location: 2F 2-2: Fly out, F4 (Popup, 4S, EV 80.6 MPH)
|
Top of the 7th over - 0 runs, 0 hits, 0 errors, 0 left on base; South Bend 8 - Binghamton 1 |
BOTTOM OF THE 7TH |
Binghamton Mets batting - Pitching for South Bend Cubs : RHP Velimir Sljivancanin
|
Batting: RHB Bobby Mabrey
|
0-0: Ball 1-0: SINGLE (Line Drive, 78M, EV 93.1 MPH)
|
Batting: RHB Gang-sheng Chew
|
0-0: Ball Bobby Mabrey steals 2nd base (no throw) 1-0: Ball 2-0: Called Strike 2-1: Foul Ball, location: 2F 2-2: Ball 3-2: Strikes out swinging
|
Batting: SHB Chris Keziah
|
0-0: Foul Ball, location: 2F 0-1: Ball 1-1: Swinging Strike 1-2: Ground out 4-3 (Groundball, 4, EV 95.0 MPH) Bobby Mabrey to third
|
Batting: RHB Oscar Bravo
|
0-0: SINGLE (Line Drive, 7LS, EV 106.9 MPH) Bobby Mabrey scores
|
Pitching: RHP Eric Allen
|
|
Batting: SHB Jason Evans
|
0-0: Ball 1-0: Ground out 4-3 (Groundball, 4, EV 104.4 MPH)
|
Bottom of the 7th over - 1 run, 2 hits, 0 errors, 1 left on base; South Bend 8 - Binghamton 2 |
TOP OF THE 8TH |
South Bend Cubs batting - Pitching for Binghamton Mets : RHP Geoff McDaniel
|
Pitching: RHP Richard Pye
|
|
Batting: RHB Dylan Burke
|
0-0: Ball 1-0: DOUBLE (Line Drive, 5D, EV 95.6 MPH)
|
Batting: RHB Ryan Bush
|
0-0: Called Strike 0-1: Called Strike 0-2: Strikes out swinging
|
Batting: LHB Hiroki Yamamoto
|
0-0: Ball 1-0: Called Strike 1-1: Foul Ball, location: 2F 1-2: Strikes out swinging
|
Batting: RHB Hugo Torrez
|
0-0: Ball 1-0: Foul Ball, location: 2F 1-1: Swinging Strike 1-2: Strikes out swinging
|
Top of the 8th over - 0 runs, 1 hit, 0 errors, 1 left on base; South Bend 8 - Binghamton 2 |
BOTTOM OF THE 8TH |
Binghamton Mets batting - Pitching for South Bend Cubs : RHP Eric Allen
|
Batting: RHB Nate Henderson
|
0-0: Ground out 6-3 (Groundball, 6D, EV 100.6 MPH)
|
Batting: LHB Zane Kelton
|
0-0: Called Strike 0-1: Ground out 4-3 (Groundball, 4, EV 103.8 MPH)
|
Batting: SHB Jerry Burrows
|
0-0: Foul Ball, location: 2F 0-1: Foul Ball, location: 2F 0-2: Ball 1-2: DOUBLE (Line Drive, 9LS, EV 113.8 MPH)
|
Batting: LHB Jamel Alexander
|
0-0: Ball 1-0: Foul Ball, location: 2F 1-1: Swinging Strike 1-2: Strikes out swinging
|
Bottom of the 8th over - 0 runs, 1 hit, 0 errors, 1 left on base; South Bend 8 - Binghamton 2 |
TOP OF THE 9TH |
South Bend Cubs batting - Pitching for Binghamton Mets : RHP Richard Pye
|
Batting: RHB Taylor Garofalo
|
0-0: Ball 1-0: Ball 2-0: SINGLE (Groundball, 4M, EV 108.8 MPH) (infield hit)
|
Batting: RHB Juan Bonilla
|
0-0: Called Strike 0-1: Ball 1-1: Fielders Choice at 2nd, 3-6 (Groundball, 3, EV 78.1 MPH)
|
Batting: RHB Roy Battist
|
0-0: Called Strike 0-1: Foul Ball, location: 2F 0-2: Ball Wild Pitch! Juan Bonilla to second 1-2: Strikes out swinging
|
Batting: RHB Han-seung Hah
|
0-0: Ground out 5-3 (Groundball, 56, EV 86.9 MPH)
|
Top of the 9th over - 0 runs, 1 hit, 0 errors, 1 left on base; South Bend 8 - Binghamton 2 |
BOTTOM OF THE 9TH |
Binghamton Mets batting - Pitching for South Bend Cubs : RHP Eric Allen
|
Batting: RHB Bobby Mabrey
|
0-0: Called Strike 0-1: Ball 1-1: Called Strike 1-2: Foul Ball, location: 2F 1-2: Ball 2-2: Foul Ball, location: 2F 2-2: DOUBLE (Flyball, 8LXD, EV 105.0 MPH)
|
Batting: RHB Gang-sheng Chew
|
0-0: Ball 1-0: Ball 2-0: Called Strike 2-1: Foul Ball, location: 2F 2-2: Ball 3-2: Fly out, F8 (Flyball, 8LM, EV 91.9 MPH)
|
Batting: SHB Chris Keziah
|
0-0: Swinging Strike 0-1: Fly out, F3 (Line Drive, 34, EV 69.4 MPH) Lined into DP, 3-6 (Line Drive, 34, EV 65.0 MPH)
|
Bottom of the 9th over - 0 runs, 1 hit, 0 errors, 0 left on base; South Bend 8 - Binghamton 2 |
|